 Dungeon Sprint DCSS version 0.17-a0-1262-gd250d98 (webtiles) character file.

74938 nuthulu the Gargoyle Barricade (level 15, -10/122 HPs)
             Began as a Gargoyle Fighter on June 6, 2015.
             Was the Champion of Jiyva.
             Killed from afar by a green draconian annihilator (52 damage)
             ... with an iron shot
             ... in the Dungeon (Sprint V: "Ziggurat Sprint").
             The game lasted 00:27:17 (1528 turns).

nuthulu the Gargoyle Barricade (Gargoyle Fighter)   Turns: 1528, Time: 00:27:17

Health: -10/122    AC: 51    Str: 35    XL:     15   Next: 48%
Magic:  15/15      EV:  8    Int:  9    God:    Jiyva [******]
Gold:   0          SH: 37    Dex:  8    Spells: 0 memorised, 14 levels left

rFire  . . .     SeeInvis +     J - +6 shillelagh "Devastator" {shatter}
rCold  + . .     Clarity  +     K - +15 Maxwell's patent armour {-Cast -Tele rElec MR+ rCorr}
rNeg   + + +     SustAt   .     L - +18 shield of the gong {rElec rN+ MR+ EV-5}
rPois  ∞         Gourm    .     (helmet restricted)
rElec  +         Spirit   .     (no cloak)
rCorr  +         Warding  .     Z - +2 pair of gloves {archery}
rMut   .         NoTele   +     N - +2 pair of boots {run}
MR     +++++     NoCast   +     O - amulet of regeneration
Stlth  +.........               b - ring "Tyulem" {rC+ MR++ Str+3}
                                W - ring of Shadows {Umbra +Inv rN+ SInv}

@: mighty, flying, wreathed by umbra, studying 2 skills, quick, almost entirely
resistant to hostile enchantments, very unstealthy
A: antennae 1, big wings, talons 1, repulsion field 1, icy blue scales 1, yellow
scales 1, clarity, negative energy resistance 1, regeneration 1, robust 1,
electricity resistance, wild magic 1, unbreathing, eyeballs 3, pseudopods 1,
translucent skin 3, jelly sensing items, jelly absorbing missiles, petrification
resistance, rot immunity, AC +11
a: Stop Flying, Request Jelly, Jelly Paralyse, Slimify, Cure Bad Mutation,
Renounce Religion, Evoke Invisibility


You were in the Dungeon.
You worshipped Jiyva.
Jiyva was exalted by your worship.
You were very full.

You visited 1 branch

Inventory:

Hand weapons
 J - the +6 shillelagh "Devastator" (weapon) {shatter}
   (You found it in the Dungeon)
 P - a +0 glaive
Armour
 K - the +15 Maxwell's patent armour (worn) {-Cast -Tele rElec MR+ rCorr}
   (You found it in the Dungeon)

   It insulates you from electricity.
   It affects your resistance to hostile enchantments.
   It prevents spellcasting.
   It prevents most forms of teleportation.
   It protects you from acid and corrosion.
 L - the +18 shield of the gong (worn) {rElec rN+ MR+ EV-5}
   (You found it in the Dungeon)

   It affects your evasion (-5).
   It insulates you from electricity.
   It protects you from negative energy.
   It affects your resistance to hostile enchantments.
 N - a +2 pair of boots of running (worn)
 Z - a +2 pair of gloves of archery (worn)
Rods
 a - a +5 rod of shadows (12/12)
   (You found it in the Dungeon)
Jewellery
 b - the ring "Tyulem" (right hand) {rC+ MR++ Str+3}
   (You found it in the Dungeon)

   [ring of strength]

   It affects your strength (+3).
   It protects you from cold.
   It affects your resistance to hostile enchantments.
 c - the ring of Isaqyrph {+Inv rPois rF+ Str-5}
   (You found it in the Dungeon)

   [ring of invisibility]

   It affects your strength (-5).
   It protects you from fire.
   It protects you from poison.
   It lets you turn invisible.
 o - the ring of Alomu {EV-3 Dex+4 Slay+4 Stlth+}
   (You found it in the Dungeon)

   [ring of evasion]

   It affects your evasion (-3).
   It affects your dexterity (+4).
   It affects your accuracy and damage with ranged weapons and melee attacks
   (+4).
   It makes you more stealthy.
 D - a +6 ring of dexterity
 E - a +6 ring of dexterity
 F - a +6 ring of intelligence
 G - a +6 ring of intelligence
 H - a +6 ring of strength
 I - a +6 ring of strength
 M - an uncursed ring of protection from magic
 O - an amulet of regeneration (around neck)
 S - an uncursed ring of magical power
 U - the ring "Dosegugo" {rElec MR+ Str+4 Int-2 Dex+4}
   (You found it in the Dungeon)

   [ring of dexterity]

   It affects your strength (+4).
   It affects your intelligence (-2).
   It affects your dexterity (+4).
   It insulates you from electricity.
   It affects your resistance to hostile enchantments.
 V - the ring "Gixeyhuc" {SustAt Dex+6}
   (You found it in the Dungeon)

   [ring of sustain attributes]

   It sustains your strength, intelligence and dexterity.
   It affects your dexterity (+6).
 W - the ring of Shadows (left hand) {Umbra +Inv rN+ SInv}
   (You found it in the Dungeon)

   [ring of invisibility]

   It protects you from negative energy.
   It lets you see invisible.
   It lets you turn invisible.
 X - the ring "Ludghuw" {rElec rF+ Stlth+}
   (You found it in the Dungeon)

   [ring of protection from fire]

   It protects you from fire.
   It insulates you from electricity.
   It makes you more stealthy.
 Y - an uncursed ring of protection from magic
Magical devices
 y - a wand of disintegration (7)
 A - a wand of fire (5)
 B - a wand of cold (5)
 C - a wand of draining (5)
Scrolls
 k - 4 scrolls of blinking
 q - 4 scrolls of amnesia
 r - 3 scrolls of recharging
 s - 7 scrolls of fog
 t - a scroll of holy word
 u - 5 scrolls of identify
 v - 4 scrolls of remove curse
 w - 2 scrolls of fear
Potions
 d - 5 potions of might
 f - 8 potions of curing
 g - 5 potions of heal wounds
 h - 9 potions of haste
 i - 7 potions of magic
 j - a potion of berserk rage
 l - 2 potions of brilliance
 m - 2 potions of invisibility
 n - 4 potions of resistance
 p - 7 potions of agility
Books
 Q - a manual of Dodging
 R - a manual of Stealth
 T - a Necronomicon This book is beyond your current level of understanding.

   Spells                             Type                      Level
   a - Haunt                          Necromancy/Summoning         7
   b - Borgnjor's Revivification      Necromancy                   8
   c - Death's Door                   Charms/Necromancy            8
   d - Necromutation                  Transmutation/Necromancy     8
Comestibles
 e - 5 bread rations
 x - 42 fruits
 z - 4 meat rations


   Skills:
 * Level 19.2 Fighting
 * Level 18.1 Maces & Flails
 * Level 20.8 Armour
 + Level 8.0 Dodging
 + Level 11.8 Stealth
 O Level 27 Shields


You had 14 spell levels left.
You didn't know any spells.

Dungeon Overview and Level Annotations

Branches:
Dungeon (1/1)

Altars:
Ashenzari
Cheibriados
Dithmenos
Elyvilon
Fedhas
Gozag
Kikubaaqudgha
Makhleb
Nemelex Xobeh
Okawaru
Qazlal
Ru
Sif Muna
Trog
Vehumet
Xom
Yredelemnul
Zin
The Shining One
Beogh
Jiyva
Lugonu


Innate Abilities, Weirdness & Mutations

You are resistant to torment.
Your stone body is resilient (AC +11).
You are immune to poison.
Your large and strong wings let you fly indefinitely.
You resist negative energy.
You are resistant to electric shocks.
You can survive without breathing.
You are immune to petrification.
You are immune to rotting.
You have a pair of small antennae on your head.
You have sharp toenails.
You are surrounded by a mild repulsion field (EV +2).
You are partially covered in icy blue scales (AC +1).
You are partially covered in yellow scales (AC +2).
You possess an exceptional clarity of mind.
Your natural rate of healing is unusually fast.
You are robust (+10% HP).
Your spells are a little harder to cast, but a little more powerful.
Your body is completely covered in golden eyeballs (Acc +7, SInv).
Armour fits poorly on your pseudopods.
Your skin is entirely transparent (Stealth, -foe acc).
You have a small jelly attached to you that senses nearby items.
You have a small jelly attached to you that may absorb incoming projectiles.


Message History

The red draconian shifter is severely wounded.
You block the black draconian's attack.
GONNNNG!
You completely miss the red draconian shifter.
The red draconian shifter is severely wounded.
You block the red draconian shifter's attack.
GONNNNG!
The eyeballs on your body gaze at the red draconian shifter.
The yellow draconian shifter blinks!
The black draconian breathes lightning at you.
The bolt of lightning misses you.
The yellow draconian shifter blinks!
Unknown command.
Unknown command.
Unknown command.
You block the black draconian's attack.
GONNNNG!
The eyeballs on your body gaze at the black draconian.
The green draconian annihilator points at you and mumbles some strange words.
The iron shot hits you!
You die... ▓...).).):|.:[) .. ▓...[}.|.:}.[[[. .. ▓...")=)[}}")}).. ▓▓▓ ▓................ ▓JG

▓................
▓J.
▓................
▓..
▓....q.q)...q....
▓..
▓...d.)))........
▓..
▓...@.).)).......
▓..
▓.....)))........
▓..
▓.........d......
▓..
▓................
▓..
▓§...............
▓..
▓...▓.§.......▓..
▓..
▓q...............
▓..
▓................
▓..
...............
▓..


You could see 2 draconians, 2 draconians and a green draconian annihilator.

Vanquished Creatures
  A lich (D)
  2 deep elf master archers (D)
  A tentacled starspawn (D)
  3 greater nagas (D)
  A draconian knight (D)
  An orc warlord (D)
  2 draconian shifters (D)
  A stone giant (D)
  3 draconian annihilators (D)
  A vampire knight (D)
  A draconian caller (D)
  A reaper (D)
  5 green draconians (D)
  5 black draconians (D)
  4 mottled draconians (D)
  2 white draconians (D)
  5 purple draconians (D)
  4 yellow draconians (D)
  4 red draconians (D)
  A merfolk javelineer (D)
  2 yaktaur captains (D)
  7 anacondas (D)
  Erica (D)
  A centaur warrior (D)
  An orc high priest (D)
  A deep elf knight (D)
  2 skeletal warriors (D)
  An orc knight (D)
  An orc sorcerer (D)
  An elephant (D)
  A cyclops (D)
  5 naga magi (D)
  A rust devil (D)
  6 black mambas (D)
  3 spiny frogs (D)
  4 tormentors (D)
  3 guardian serpents (D)
  2 hellions (D)
  A komodo dragon (D)
  A deep elf priest (D)
  A fire drake (D)
  A red devil (D)
  A jumping spider (D)
  5 merfolk (D)
  2 wind drakes (D)
  2 air elementals (D)
  2 tarantellas (D)
  2 small abominations (D)
  Sigmund (D)
  3 shadows (D)
  2 deep elf magi (D)
  2 deep elf fighters (D)
  A vampire (D)
  A hippogriff (D)
  7 nagas (D)
  2 steam dragons (D)
  Edmund (D)
  A warg (D)
  6 water moccasins (D)
  Duvessa (D)
  3 centaurs (D)
  3 orc warriors (D)
  A crocodile (D)
  Blork the orc (D)
  2 giant frogs (D)
  Dowan (D)
  A gnoll sergeant (D)
  A scorpion (D)
  A wight (D)
  A crimson imp (D)
  2 iron imps (D)
  Crazy Yiuf (D)
  An orc wizard (D)
  Jessica (D)
  2 quasits (D)
  2 adders (D)
  2 shadow imps (D)
  An adder zombie (D)
  An adder skeleton (D)
  6 orcs (D)
  8 ball pythons (D)
  A bat skeleton (D)
  A bat zombie (D)
  A hobgoblin (D)
  A jackal zombie (D)
  A quokka zombie (D)
184 creatures vanquished.

Vanquished Creatures (collateral kills)
  A yellow draconian (D)
  A fire drake (D)
  A freezing wraith (D)
3 creatures vanquished.

Vanquished Creatures (others)
  A white draconian (D)
  A purple draconian (D)
  A yellow draconian (D)
  An air elemental (D)
  A shadow (D)
  12 jellies (D)
  An ooze (D)
  An orc (D)
  A bat skeleton (D)
  A bat zombie (D)
  A ball python simulacrum (D)
  5 fungi (D)
  2 starspawn tentacles (D)
  58 starspawn tentacle segments (D)
87 creatures vanquished.

Grand Total: 274 creatures vanquished

Notes
Turn   | Place    | Note
--------------------------------------------------------------
     0 | D        | nuthulu the Gargoyle Fighter began the quest for the Orb.
     0 | D        | Reached XP level 1. HP: 14/14 MP: 1/1
     0 | D        | Found a roughly hewn altar of Beogh.
     0 | D        | Found a corrupted altar of Lugonu.
     0 | D        | Found a viscous altar of Jiyva.
     0 | D        | Found a white marble altar of Elyvilon.
     0 | D        | Found a sparkling altar of Nemelex Xobeh.
     0 | D        | Found a burning altar of Makhleb.
     0 | D        | Found an iron altar of Okawaru.
     0 | D        | Found a deep blue altar of Sif Muna.
     0 | D        | Found a radiant altar of Vehumet.
     0 | D        | Found a bloodstained altar of Trog.
     0 | D        | Found a shimmering altar of Xom.
    51 | D        | Reached skill level 4 in Fighting
    51 | D        | Reached XP level 2. HP: 17/20 MP: 2/2
   107 | D        | Became a worshipper of Jiyva Jocker the Shapeless
   115 | D        | Acquired Jiyva's first power
   117 | D        | Acquired Jiyva's second power
   119 | D        | Gained mutation: You are frail (-10% HP). [Jiyva's grace]
   124 | D        | Acquired Jiyva's third power
   130 | D        | Lost mutation: You are frail (-10% HP). [Jiyva's grace]
   130 | D        | Acquired Jiyva's fourth power
   130 | D        | Gained mutation: You are partially covered in rough black scales (AC +4, Dex -1). [Jiyva's grace]
   130 | D        | Gained mutation: Your skin is partially translucent (Stealth, -foe acc). [Jiyva's grace]
   131 | D        | Gained mutation: You are covered in slimy tendrils that may disarm your opponents. [Jiyva's grace]
   131 | D        | Gained mutation: You have acidic saliva. [Jiyva's grace]
   131 | D        | Gained mutation: Your mind is acute. (Int +2) [Jiyva's grace]
   131 | D        | Gained mutation: Your mind is very acute. (Int +4) [Jiyva's grace]
   131 | D        | Gained mutation: Your body is partially covered in golden eyeballs (Acc +3). [Jiyva's grace]
   132 | D        | Gained mutation: You have an increased reservoir of magic (+10% MP). [Jiyva's grace]
   132 | D        | Lost mutation: You are partially covered in rough black scales (AC +4, Dex -1). [Jiyva's grace]
   132 | D        | Lost mutation: Your skin is partially translucent (Stealth, -foe acc). [Jiyva's grace]
   132 | D        | Lost mutation: You have an increased reservoir of magic (+10% MP). [Jiyva's grace]
   132 | D        | Gained mutation: You have large cloven feet. [Jiyva's grace]
   135 | D        | Lost mutation: Your mind is very acute. (Int +4) [Jiyva's grace]
   135 | D        | Lost mutation: You have large cloven feet. [Jiyva's grace]
   138 | D        | Gained mutation: Your spells are a little harder to cast, but a little more powerful. [Jiyva's grace]
   138 | D        | Gained mutation: Armour fits poorly on your pseudopods. [Jiyva's grace]
   138 | D        | Gained mutation: Your skin is partially translucent (Stealth, -foe acc). [Jiyva's grace]
   138 | D        | Lost mutation: Your spells are a little harder to cast, but a little more powerful. [Jiyva's grace]
   139 | D        | Lost mutation: Your body is partially covered in golden eyeballs (Acc +3). [Jiyva's grace]
   139 | D        | Lost mutation: You are covered in slimy tendrils that may disarm your opponents. [Jiyva's grace]
   139 | D        | Gained mutation: You are covered in slimy tendrils that may disarm your opponents. [Jiyva's grace]
   141 | D        | Gained mutation: You have supernaturally acute eyesight. [Jiyva's grace]
   141 | D        | Lost mutation: Your mind is acute. (Int +2) [Jiyva's grace]
   141 | D        | Gained mutation: You can translocate small distances at will. [Jiyva's grace]
   141 | D        | Gained mutation: Your spells are a little harder to cast, but a little more powerful. [Jiyva's grace]
   141 | D        | Gained mutation: Armour fits poorly on your large pseudopods. [Jiyva's grace]
   141 | D        | Lost mutation: Your spells are a little harder to cast, but a little more powerful. [Jiyva's grace]
   141 | D        | Gained mutation: You are somewhat resistant to further mutation. [Jiyva's grace]
   141 | D        | Lost mutation: You are covered in slimy tendrils that may disarm your opponents. [Jiyva's grace]
   143 | D        | Lost mutation: You are somewhat resistant to further mutation. [Jiyva's grace]
   144 | D        | Gained mutation: Your natural rate of healing is unusually fast. [Jiyva's grace]
   149 | D        | Gained mutation: You can spit weak poison. [Jiyva's grace]
   153 | D        | Gained mutation: You are resistant to hostile enchantments. [Jiyva's grace]
   158 | D        | Gained mutation: Your body is partially covered in golden eyeballs (Acc +3). [Jiyva's grace]
   162 | D        | Gained mutation: Armour fits poorly on your massive pseudopods. [Jiyva's grace]
   168 | D        | Lost mutation: Your natural rate of healing is unusually fast. [Jiyva's grace]
   173 | D        | Gained mutation: You evolve. [Jiyva's grace]
   179 | D        | Gained mutation: You are frail (-10% HP). [Jiyva's grace]
   185 | D        | Gained mutation: Your body is mostly covered in golden eyeballs (Acc +5). [Jiyva's grace]
   192 | D        | Gained mutation: You have a small jelly attached to you that may absorb incoming projectiles. [Jiyva's grace]
   196 | D        | Lost mutation: Your body is mostly covered in golden eyeballs (Acc +5). [Jiyva's grace]
   200 | D        | Lost mutation: You can spit weak poison. [Jiyva's grace]
   205 | D        | Gained mutation: You are highly resistant to hostile enchantments. [Jiyva's grace]
   210 | D        | Gained mutation: You are partially covered in icy blue scales (AC +1). [Jiyva's grace]
   216 | D        | Gained mutation: You are covered in fur (AC +1). [Jiyva's grace]
   223 | D        | Lost mutation: You are highly resistant to hostile enchantments. [Jiyva's grace]
   233 | D        | Lost mutation: You are frail (-10% HP). [Jiyva's grace]
   239 | D        | Gained mutation: You are good at translocating small distances at will. [Jiyva's grace]
   245 | D        | Lost mutation: You have a small jelly attached to you that may absorb incoming projectiles. [Jiyva's grace]
   249 | D        | Lost mutation: You are good at translocating small distances at will. [Jiyva's grace]
   254 | D        | Lost mutation: You have acidic saliva. [Jiyva's grace]
   260 | D        | Lost mutation: You have supernaturally acute eyesight. [Jiyva's grace]
   267 | D        | Lost mutation: You are covered in fur (AC +1). [Jiyva's grace]
   270 | D        | Gained mutation: You have a small jelly attached to you that may absorb incoming projectiles. [Jiyva's grace]
   275 | D        | Lost mutation: Armour fits poorly on your massive pseudopods. [Jiyva's grace]
   279 | D        | Lost mutation: Your skin is partially translucent (Stealth, -foe acc). [Jiyva's grace]
   283 | D        | Gained mutation: Your muscles are strong. (Str +2) [Jiyva's grace]
   287 | D        | Lost mutation: You are partially covered in icy blue scales (AC +1). [Jiyva's grace]
   292 | D        | Gained mutation: You possess an exceptional clarity of mind. [Jiyva's grace]
   297 | D        | Lost mutation: You possess an exceptional clarity of mind. [Jiyva's grace]
   300 | D        | Gained mutation: You have a pair of small horns on your head. [Jiyva's grace]
   303 | D        | Lost mutation: Armour fits poorly on your large pseudopods. [Jiyva's grace]
   309 | D        | Lost mutation: Your body is partially covered in golden eyeballs (Acc +3). [Jiyva's grace]
   314 | D        | Lost mutation: You have a pair of small horns on your head. [Jiyva's grace]
   320 | D        | Lost mutation: You are resistant to hostile enchantments. [Jiyva's grace]
   321 | D        | Gained mutation: Your flesh is heat resistant. [Jiyva's grace]
   322 | D        | Gained mutation: You possess an exceptional clarity of mind. [Jiyva's grace]
   322 | D        | Gained mutation: Your mind is acute. (Int +2) [Jiyva's grace]
   322 | D        | Gained mutation: You are surrounded by a mild repulsion field (EV +2). [Jiyva's grace]
   323 | D        | Entered arena 1.
   323 | D        | Noticed a water moccasin
   326 | D        | Killed a water moccasin
   326 | D        | Reached skill level 6 in Fighting
   326 | D        | Reached XP level 3. HP: 24/28 MP: 3/3
   326 | D        | Reached XP level 4. HP: 27/32 MP: 4/4
   326 | D        | Reached XP level 5. HP: 31/37 MP: 5/5
   330 | D        | Entered arena 2.
   330 | D        | Noticed a freezing wraith
   330 | D        | Noticed a quasit
   332 | D        | Lost mutation: Armour fits poorly on your pseudopods. [Jiyva's grace]
   333 | D        | Killed a quasit
   333 | D        | Reached skill level 7 in Fighting
   340 | D        | Killed a freezing wraith
   340 | D        | Reached skill level 8 in Fighting
   340 | D        | Reached skill level 5 in Maces & Flails
   340 | D        | Reached XP level 6. HP: 39/45 MP: 6/6
   349 | D        | Entered arena 3.
   349 | D        | Noticed a tarantella
   349 | D        | Noticed a jumping spider
   349 | D        | Noticed a scorpion
   349 | D        | Noticed a tarantella
   349 | D        | Lost mutation: You possess an exceptional clarity of mind. [Jiyva's grace]
   354 | D        | Killed a tarantella
   354 | D        | Reached skill level 9 in Fighting
   354 | D        | Reached XP level 7. HP: 49/51 MP: 7/7
   355 | D        | Killed a scorpion
   355 | D        | Killed a tarantella
   355 | D        | Reached skill level 10 in Fighting
   355 | D        | Reached skill level 10 in Shields
   359 | D        | Killed a jumping spider
   359 | D        | Reached skill level 10 in Armour
   359 | D        | Reached skill level 11 in Shields
   359 | D        | Reached XP level 8. HP: 56/58 MP: 8/8
   364 | D        | Entered arena 4.
   364 | D        | Noticed a steam dragon
   364 | D        | Noticed a fire drake
   364 | D        | Noticed a fire drake
   364 | D        | Noticed a steam dragon
   366 | D        | Lost mutation: Your flesh is heat resistant. [Jiyva's grace]
   374 | D        | Killed a steam dragon
   381 | D        | Gained mutation: Your muscles are very strong. (Str +4) [Jiyva's grace]
   382 | D        | Killed a fire drake
   383 | D        | Killed a steam dragon
   383 | D        | Reached skill level 12 in Shields
   384 | D        | Killed a fire drake
   391 | D        | Got the ring "Tyulem" {rC+ MR++ Str+3}
   395 | D        | Gained mutation: Your mind is very acute. (Int +4) [Jiyva's grace]
   403 | D        | Entered arena 5.
   403 | D        | Noticed a merfolk
   403 | D        | Noticed a merfolk
   403 | D        | Noticed a merfolk
   403 | D        | Noticed a merfolk
   403 | D        | Noticed a merfolk
   404 | D        | Lost mutation: You can translocate small distances at will. [Jiyva's grace]
   408 | D        | Killed a merfolk
   408 | D        | Reached skill level 13 in Shields
   408 | D        | Reached XP level 9. HP: 64/64 MP: 9/9
   410 | D        | Killed a merfolk
   412 | D        | Killed a merfolk
   412 | D        | Reached skill level 14 in Shields
   417 | D        | Killed a merfolk
   417 | D        | Gained mutation: You are resistant to hostile enchantments. [Jiyva's grace]
   418 | D        | Killed a merfolk
   421 | D        | Entered arena 6.
   421 | D        | Noticed a naga mage
   421 | D        | Noticed a naga mage
   421 | D        | Noticed a naga
   421 | D        | Noticed a black mamba
   427 | D        | Killed a black mamba
   427 | D        | Reached skill level 15 in Shields
   429 | D        | Killed a naga mage
   429 | D        | Reached XP level 10. HP: 71/71 MP: 10/10
   429 | D        | Gained mutation: You have a small jelly attached to you that senses nearby items. [Jiyva's grace]
   432 | D        | Killed a naga
   439 | D        | Killed a naga mage
   439 | D        | Reached skill level 16 in Shields
   441 | D        | Lost mutation: Your mind is very acute. (Int +4) [Jiyva's grace]
   445 | D        | Got the ring of Isaqyrph {+Inv rPois rF+ Str-5}
   451 | D        | Lost mutation: You are resistant to hostile enchantments. [Jiyva's grace]
   455 | D        | Lost mutation: Your muscles are very strong. (Str +4) [Jiyva's grace]
   455 | D        | Lost mutation: You are surrounded by a mild repulsion field (EV +2). [Jiyva's grace]
   458 | D        | Lost mutation: Your muscles are strong. (Str +2) [Jiyva's grace]
   458 | D        | Lost mutation: You have a small jelly attached to you that may absorb incoming projectiles. [Jiyva's grace]
   461 | D        | Lost mutation: You have a small jelly attached to you that senses nearby items. [Jiyva's grace]
   463 | D        | Lost mutation: Your mind is acute. (Int +2) [Jiyva's grace]
   464 | D        | Lost mutation: You evolve. [Jiyva's grace]
   470 | D        | Gained mutation: You have a pair of small antennae on your head. [Jiyva's grace]
   471 | D        | Gained mutation: You have a small jelly attached to you that senses nearby items. [Jiyva's grace]
   485 | D        | Entered arena 7.
   485 | D        | Noticed a small abomination
   485 | D        | Noticed a tentacled starspawn
   485 | D        | Noticed a quasit
   485 | D        | Noticed a crimson imp
   485 | D        | Noticed a small abomination
   490 | D        | Gained mutation: You possess an exceptional clarity of mind. [Jiyva's grace]
   491 | D        | Killed a quasit
   493 | D        | Killed a small abomination
   495 | D        | Killed a tentacled starspawn
   495 | D        | Reached skill level 17 in Shields
   496 | D        | Killed a small abomination
   497 | D        | Killed a crimson imp
   504 | D        | Entered arena 8.
   504 | D        | Noticed a deep elf knight
   504 | D        | Noticed a deep elf priest
   504 | D        | Noticed a deep elf fighter
   504 | D        | Noticed a deep elf fighter
   504 | D        | Noticed a deep elf mage
   504 | D        | Noticed a deep elf mage
   505 | D        | Identified the +8 long sword "Junumamacu" {slice, Dex+2}
   505 | D        | Gained mutation: Armour fits poorly on your strangely shaped body. [Jiyva's grace]
   507 | D        | Lost mutation: You possess an exceptional clarity of mind. [Jiyva's grace]
   507 | D        | Gained mutation: You are somewhat resistant to further mutation. [Jiyva's grace]
   508 | D        | Killed a deep elf mage
   508 | D        | Lost mutation: You have a small jelly attached to you that senses nearby items. [Jiyva's grace]
   509 | D        | Killed a deep elf priest
   509 | D        | Reached skill level 18 in Shields
   509 | D        | Killed a deep elf mage
   512 | D        | Killed a deep elf fighter
   517 | D        | Killed a deep elf knight
   517 | D        | Reached XP level 11. HP: 77/77 MP: 11/11
   518 | D        | Gained mutation: You have a small jelly attached to you that may absorb incoming projectiles. [Jiyva's grace]
   520 | D        | Killed a deep elf fighter
   524 | D        | Got the cursed ring of Alomu {EV-3 Dex+4 Slay+4 Stlth+}
   528 | D        | Gained mutation: You possess an exceptional clarity of mind. [Jiyva's grace]
   539 | D        | Entered arena 9.
   539 | D        | Noticed Sigmund
   539 | D        | Noticed Jessica
   539 | D        | Noticed Blork the orc
   539 | D        | Noticed Crazy Yiuf
   539 | D        | Noticed Dowan
   539 | D        | Noticed Duvessa
   539 | D        | Noticed Edmund
   539 | D        | Noticed Erica
   542 | D        | Killed Jessica
   544 | D        | Killed Duvessa
   544 | D        | Reached skill level 1 in Stealth
   545 | D        | Killed Erica
   545 | D        | Reached skill level 19 in Shields
   545 | D        | Killed Blork the orc
   545 | D        | Killed Crazy Yiuf
   547 | D        | Killed Edmund
   549 | D        | Gained mutation: Your mind is acute. (Int +2) [Jiyva's grace]
   550 | D        | Killed Dowan
   557 | D        | Killed Sigmund
   562 | D        | Gained mutation: You have sharp toenails. [Jiyva's grace]
   572 | D        | Identified a +2 pair of boots of running (You found it in the Dungeon)
   575 | D        | Gained mutation: Scrolls take you a little longer to read. [Jiyva's grace]
   577 | D        | Lost mutation: Scrolls take you a little longer to read. [Jiyva's power]
   579 | D        | Lost mutation: Armour fits poorly on your strangely shaped body. [Jiyva's power]
   583 | D        | Entered arena 10.
   583 | D        | Noticed a naga mage
   583 | D        | Noticed a black mamba
   583 | D        | Noticed a naga
   583 | D        | Noticed a naga mage
   583 | D        | Noticed a naga mage
   583 | D        | Noticed a water moccasin
   583 | D        | Noticed a naga
   585 | D        | Lost mutation: You have sharp toenails. [Jiyva's grace]
   588 | D        | Killed a black mamba
   591 | D        | Killed a naga
   593 | D        | Killed a naga mage
   593 | D        | Killed a naga mage
   594 | D        | Killed a naga
   595 | D        | Killed a naga mage
   595 | D        | Killed a water moccasin
   595 | D        | Reached skill level 20 in Shields
   600 | D        | Gained mutation: Your skin is partially translucent (Stealth, -foe acc). [Jiyva's grace]
   612 | D        | Entered arena 11.
   612 | D        | Noticed a spiny frog
   612 | D        | Noticed a giant frog
   612 | D        | Noticed a spiny frog
   612 | D        | Noticed a hippogriff
   612 | D        | Noticed a giant frog
   613 | D        | Noticed a komodo dragon
   613 | D        | Noticed a spiny frog
   613 | D        | Noticed a crocodile
   613 | D        | Noticed an elephant
   613 | D        | Noticed a water moccasin
   616 | D        | Killed a giant frog
   617 | D        | Killed a spiny frog
   617 | D        | Reached skill level 10 in Maces & Flails
   617 | D        | Killed a giant frog
   619 | D        | Killed a water moccasin
   619 | D        | Gained mutation: You occasionally shout uncontrollably at your foes. [Jiyva's grace]
   620 | D        | Killed a crocodile
   620 | D        | Killed a spiny frog
   625 | D        | Killed an elephant
   626 | D        | Killed a hippogriff
   627 | D        | Killed a spiny frog
   631 | D        | Killed a komodo dragon
   634 | D        | Gained mutation: You can spit weak poison. [Jiyva's grace]
   646 | D        | Lost mutation: You are somewhat resistant to further mutation. [Jiyva's grace]
   649 | D        | Entered arena 12.
   649 | D        | Noticed a centaur
   649 | D        | Noticed a cyclops
   649 | D        | Noticed a centaur
   649 | D        | Noticed a stone giant
   649 | D        | Noticed a yaktaur captain
   649 | D        | Noticed a centaur
   650 | D        | Noticed a centaur warrior
   650 | D        | Noticed a deep elf master archer
   650 | D        | Noticed a deep elf master archer
   650 | D        | Noticed a yaktaur captain
   650 | D        | Noticed a merfolk javelineer
   653 | D        | Killed a centaur
   655 | D        | Killed a centaur
   658 | D        | Killed a centaur
   658 | D        | Identified the +8 shortbow "Zananul" {freeze, rC+ Int+3 Dex+4}
   662 | D        | Killed a yaktaur captain
   664 | D        | Gained mutation: Potions and wands are less effective at restoring your health. [Jiyva's grace]
   666 | D        | Killed a stone giant
   666 | D        | Reached skill level 21 in Shields
   666 | D        | Reached XP level 12. HP: 41/84 MP: 12/12
   669 | D        | Killed a deep elf master archer
   669 | D        | Killed a yaktaur captain
   669 | D        | Reached skill level 22 in Shields
   669 | D        | Killed a deep elf master archer
   671 | D        | Killed a centaur warrior
   677 | D        | Killed a cyclops
   680 | D        | Killed a merfolk javelineer
   684 | D        | Lost mutation: You occasionally shout uncontrollably at your foes. [Jiyva's grace]
   687 | D        | Lost mutation: You can spit weak poison. [Jiyva's grace]
   692 | D        | Gained mutation: You have a pair of antennae on your head. [Jiyva's grace]
   694 | D        | Gained mutation: Your skin is mostly translucent (Stealth, -foe acc). [Jiyva's grace]
   695 | D        | Lost mutation: Your mind is acute. (Int +2) [Jiyva's grace]
   696 | D        | Lost mutation: You have a pair of antennae on your head. [Jiyva's grace]
   697 | D        | Gained mutation: You can breathe flames. [Jiyva's grace]
   699 | D        | Gained mutation: You can translocate small distances at will. [Jiyva's grace]
   700 | D        | Gained mutation: You evolve. [Jiyva's grace]
   701 | D        | Gained mutation: Your muscles are strong. (Str +2) [Jiyva's grace]
   702 | D        | Gained mutation: You are resistant to hostile enchantments. [Jiyva's grace]
   703 | D        | Lost mutation: You evolve. [Jiyva's grace]
   703 | D        | Gained mutation: You are somewhat resistant to further mutation. [Jiyva's grace]
   703 | D        | Lost mutation: You can translocate small distances at will. [Jiyva's grace]
   704 | D        | Lost mutation: You have a small jelly attached to you that may absorb incoming projectiles. [Jiyva's grace]
   704 | D        | Lost mutation: Your skin is mostly translucent (Stealth, -foe acc). [Jiyva's grace]
   705 | D        | Lost mutation: You can breathe flames. [Jiyva's grace]
   706 | D        | Gained mutation: Your spells are a little harder to cast, but a little more powerful. [Jiyva's grace]
   707 | D        | Gained mutation: Your skin is mostly translucent (Stealth, -foe acc). [Jiyva's grace]
   707 | D        | Gained mutation: Armour fits poorly on your pseudopods. [Jiyva's grace]
   709 | D        | Lost mutation: You are resistant to hostile enchantments. [Jiyva's grace]
   710 | D        | Gained mutation: You can spit weak poison. [Jiyva's grace]
   713 | D        | Entered arena 13.
   713 | D        | Noticed a vampire knight
   714 | D        | Noticed a shadow
   714 | D        | Noticed a shadow
   714 | D        | Noticed a skeletal warrior
   715 | D        | Gained mutation: You can spit poison. [Jiyva's grace]
   715 | D        | Gained mutation: Your body is partially covered in golden eyeballs (Acc +3). [Jiyva's grace]
   716 | D        | Noticed a vampire
   716 | D        | Noticed a lich
   716 | D        | Lost mutation: Your spells are a little harder to cast, but a little more powerful. [Jiyva's grace]
   719 | D        | Noticed a shadow
   719 | D        | Killed a vampire knight
   719 | D        | Reached skill level 23 in Shields
   721 | D        | Noticed a wight
   721 | D        | Killed a vampire
   723 | D        | Killed a shadow
   725 | D        | Lost mutation: You possess an exceptional clarity of mind. [Jiyva's grace]
   728 | D        | Killed a skeletal warrior
   728 | D        | Killed a wight
   730 | D        | Killed a lich
   730 | D        | Reached XP level 13. HP: 75/91 MP: 13/13
   731 | D        | Lost mutation: You can spit poison. [Jiyva's grace]
   732 | D        | Lost mutation: You can spit weak poison. [Jiyva's grace]
   734 | D        | Gained mutation: You can translocate small distances at will. [Jiyva's grace]
   735 | D        | Killed a shadow
   749 | D        | Killed a shadow
   749 | D        | Reached skill level 15 in Fighting
   772 | D        | Entered arena 14.
   773 | D        | Noticed a white draconian knight
   773 | D        | Noticed a purple draconian
   773 | D        | Noticed a black draconian
   773 | D        | Noticed a black draconian
   773 | D        | Noticed a black draconian
   773 | D        | Noticed a red draconian
   774 | D        | Noticed a yellow draconian
   774 | D        | Noticed a yellow draconian
   774 | D        | Noticed a purple draconian caller
   774 | D        | Noticed a mottled draconian
   774 | D        | Noticed a red draconian
   774 | D        | Noticed a yellow draconian
   774 | D        | Noticed a yellow draconian
   785 | D        | Killed a red draconian
   785 | D        | Reached skill level 24 in Shields
   787 | D        | Lost mutation: Potions and wands are less effective at restoring your health. [Jiyva's grace]
   791 | D        | Killed a yellow draconian
   796 | D        | Killed a yellow draconian
   796 | D        | Killed a white draconian knight
   796 | D        | Reached skill level 15 in Armour
   797 | D        | Killed a red draconian
   801 | D        | Killed a black draconian
   803 | D        | Killed a mottled draconian
   803 | D        | Reached skill level 25 in Shields
   806 | D        | Killed a black draconian
   807 | D        | Killed a yellow draconian
   807 | D        | Killed a purple draconian caller
   810 | D        | Killed a yellow draconian
   814 | D        | Killed a purple draconian
   817 | D        | Killed a black draconian
   893 | D        | Gained mutation: Your spells are a little harder to cast, but a little more powerful. [Jiyva's grace]
   894 | D        | Lost mutation: You have a pair of small antennae on your head. [Jiyva's grace]
   895 | D        | Lost mutation: Your muscles are strong. (Str +2) [Jiyva's grace]
   896 | D        | Gained mutation: You are covered in fur (AC +1). [Jiyva's grace]
   897 | D        | Lost mutation: You are somewhat resistant to further mutation. [Jiyva's grace]
   901 | D        | Gained mutation: You have a pair of small horns on your head. [Jiyva's grace]
   901 | D        | Gained mutation: Your body is mostly covered in golden eyeballs (Acc +5). [Jiyva's grace]
   901 | D        | Gained mutation: You are frail (-10% HP). [Jiyva's grace]
   903 | D        | Gained mutation: Your skin is entirely transparent (Stealth, -foe acc). [Jiyva's grace]
   903 | D        | Gained mutation: You can spit weak poison. [Jiyva's grace]
   904 | D        | Gained mutation: You are partially covered in thin metallic scales (AC +2). [Jiyva's grace]
   905 | D        | Gained mutation: You have a small jelly attached to you that may absorb incoming projectiles. [Jiyva's grace]
   905 | D        | Lost mutation: You are frail (-10% HP). [Jiyva's grace]
   906 | D        | Gained mutation: Your large and strong wings let you fly indefinitely. [Jiyva's grace]
   909 | D        | Gained mutation: You are covered in slimy tendrils that may disarm your opponents. [Jiyva's grace]
   911 | D        | Entered arena 15.
   911 | D        | Noticed an acid blob
   911 | D        | Noticed a slime creature
   911 | D        | Noticed a slime creature
   911 | D        | Noticed an eye of draining
   912 | D        | Noticed a shining eye
   912 | D        | Noticed a jelly
   912 | D        | Noticed an eye of devastation
   912 | D        | Noticed a jelly
   912 | D        | Noticed a shining eye
   912 | D        | Lost mutation: You can translocate small distances at will. [Jiyva's grace]
   912 | D        | Gained mutation: You are partially covered in slimy green scales (AC +2). [Jiyva's grace]
   913 | D        | Noticed a slime creature
   913 | D        | Noticed a slime creature
   913 | D        | Noticed a jelly
   914 | D        | Noticed an eye of devastation
   914 | D        | Gained mutation: You can spit poison. [Jiyva's grace]
   914 | D        | Lost mutation: You are covered in slimy tendrils that may disarm your opponents. [Jiyva's grace]
   915 | D        | Gained mutation: You are partially covered in iridescent scales (AC +4). [Jiyva's grace]
   915 | D        | Lost mutation: Your large and strong wings let you fly indefinitely. [Jiyva's grace]
   919 | D        | Gained mutation: You are agile. (Dex +2) [Jiyva's grace]
   920 | D        | Lost mutation: You have a pair of small horns on your head. [Jiyva's grace]
   920 | D        | Lost mutation: You are partially covered in slimy green scales (AC +2). [Jiyva's grace]
   921 | D        | Entered arena 16.
   922 | D        | Lost mutation: You are partially covered in iridescent scales (AC +4). [Jiyva's grace]
   924 | D        | Noticed a skeletal warrior
   924 | D        | Noticed a tormentor
   924 | D        | Noticed a tormentor
   924 | D        | Noticed a reaper
   924 | D        | Noticed a tormentor
   924 | D        | Noticed a tormentor
   925 | D        | Noticed a hellion
   925 | D        | Noticed a hellion
   925 | D        | Noticed an iron imp
   925 | D        | Noticed a rust devil
   925 | D        | Noticed a shadow
   925 | D        | Noticed a red devil
   925 | D        | Noticed an iron imp
   930 | D        | Killed an iron imp
   930 | D        | Killed an iron imp
   932 | D        | Killed a tormentor
   936 | D        | Killed a tormentor
   939 | D        | Killed a tormentor
   939 | D        | Killed a hellion
   939 | D        | Killed a reaper
   940 | D        | Killed a tormentor
   940 | D        | Reached skill level 26 in Shields
   942 | D        | Killed a skeletal warrior
   942 | D        | Gained mutation: Your large and strong wings let you fly indefinitely. [Gargoyle growth]
   942 | D        | Reached XP level 14. HP: 30/100 MP: 14/14
   944 | D        | Killed a shadow
   948 | D        | Killed a hellion
   949 | D        | Killed a rust devil
   953 | D        | Killed a red devil
  1069 | D        | Entered arena 17.
  1069 | D        | Noticed an orc warrior
  1069 | D        | Noticed an orc sorcerer
  1069 | D        | Noticed a gnoll sergeant
  1070 | D        | Noticed a warg
  1073 | D        | Killed a gnoll sergeant
  1073 | D        | Killed an orc warrior
  1074 | D        | Noticed an orc warrior
  1074 | D        | Noticed an orc knight
  1075 | D        | Noticed an orc high priest
  1075 | D        | Noticed an orc wizard
  1075 | D        | Noticed an orc warlord
  1076 | D        | Killed a warg
  1076 | D        | Killed an orc sorcerer
  1077 | D        | Noticed an orc warrior
  1080 | D        | Gained mutation: You are partially covered in large bone plates (AC +2, SH +2). [Jiyva's grace]
  1084 | D        | Killed an orc wizard
  1085 | D        | Killed an orc warrior
  1085 | D        | Lost mutation: You are agile. (Dex +2) [Jiyva's grace]
  1087 | D        | Killed an orc high priest
  1087 | D        | Lost mutation: Your body is mostly covered in golden eyeballs (Acc +5). [Jiyva's grace]
  1088 | D        | Killed an orc warrior
  1090 | D        | Lost mutation: Your spells are a little harder to cast, but a little more powerful. [Jiyva's grace]
  1092 | D        | Gained mutation: Scrolls take you a little longer to read. [Jiyva's grace]
  1093 | D        | Killed an orc knight
  1095 | D        | Gained mutation: You are resistant to hostile enchantments. [Jiyva's grace]
  1097 | D        | Gained mutation: Armour fits poorly on your large pseudopods. [Jiyva's grace]
  1099 | D        | Killed an orc warlord
  1102 | D        | Gained mutation: Your rubbery body absorbs attacks (AC +1). [Jiyva's grace]
  1102 | D        | Gained mutation: You possess an exceptional clarity of mind. [Jiyva's grace]
  1102 | D        | Lost mutation: You are resistant to hostile enchantments. [Jiyva's grace]
  1102 | D        | Gained mutation: You are partially covered in rugged brown scales (AC +1, +3% HP). [Jiyva's grace]
  1107 | D        | Gained mutation: You have acidic saliva. [Jiyva's grace]
  1107 | D        | Lost mutation: You are partially covered in thin metallic scales (AC +2). [Jiyva's grace]
  1108 | D        | Entered arena 18.
  1108 | D        | Noticed a wind drake
  1108 | D        | Noticed a wind drake
  1108 | D        | Lost mutation: You have acidic saliva. [Jiyva's grace]
  1109 | D        | Lost mutation: Armour fits poorly on your large pseudopods. [Jiyva's grace]
  1109 | D        | Lost mutation: You possess an exceptional clarity of mind. [Jiyva's grace]
  1111 | D        | Noticed an insubstantial wisp
  1112 | D        | Noticed an air elemental
  1113 | D        | Gained mutation: Your body is mostly covered in golden eyeballs (Acc +5). [Jiyva's grace]
  1115 | D        | Killed a wind drake
  1116 | D        | Noticed an insubstantial wisp
  1116 | D        | Noticed a wind drake
  1116 | D        | Noticed an insubstantial wisp
  1116 | D        | Noticed an air elemental
  1116 | D        | Noticed an insubstantial wisp
  1116 | D        | Noticed a spriggan air mage
  1117 | D        | Noticed a storm dragon
  1117 | D        | Noticed an air elemental
  1117 | D        | Noticed an air elemental
  1118 | D        | Noticed a wind drake
  1118 | D        | Noticed a wind drake
  1118 | D        | Noticed a wind drake
  1118 | D        | Noticed a wind drake
  1120 | D        | Noticed a spriggan air mage
  1120 | D        | Noticed a wind drake
  1120 | D        | Noticed an insubstantial wisp
  1120 | D        | Killed an air elemental
  1120 | D        | Lost mutation: Armour fits poorly on your pseudopods. [Jiyva's grace]
  1131 | D        | Killed a wind drake
  1134 | D        | Killed an air elemental
  1137 | D        | Killed an air elemental
  1149 | D        | HP: 5/103 [spriggan air mage/the air (19)]
  1158 | D        | Entered arena 19.
  1300 | D        | Noticed an eye of devastation
  1300 | D        | Noticed an eye of devastation
  1300 | D        | Noticed a jelly
  1300 | D        | Noticed a slime creature
  1300 | D        | Noticed a giant orange brain
  1300 | D        | Noticed a death ooze
  1300 | D        | Noticed a jelly
  1300 | D        | Noticed a death ooze
  1300 | D        | Noticed a jelly
  1300 | D        | Noticed an eye of draining
  1300 | D        | Gained mutation: You have a small jelly attached to you that senses nearby items. [Jiyva's grace]
  1300 | D        | Lost mutation: You are partially covered in large bone plates (AC +2, SH +2). [Jiyva's grace]
  1300 | D        | Gained mutation: You are weak. (Str -2) [Jiyva's grace]
  1300 | D        | Lost mutation: You can spit poison. [Jiyva's grace]
  1300 | D        | Lost mutation: You are weak. (Str -2) [Jiyva's grace]
  1300 | D        | Gained mutation: Your flesh is heat resistant. [Jiyva's grace]
  1301 | D        | Noticed a great orb of eyes
  1301 | D        | Noticed a great orb of eyes
  1301 | D        | Noticed a slime creature
  1301 | D        | Noticed a death ooze
  1301 | D        | Noticed an eye of draining
  1301 | D        | Noticed a jelly
  1301 | D        | Noticed an eye of devastation
  1301 | D        | Noticed a shining eye
  1301 | D        | Noticed a golden eye
  1301 | D        | Lost mutation: You can spit weak poison. [Jiyva's grace]
  1301 | D        | Lost mutation: Scrolls take you a little longer to read. [Jiyva's grace]
  1301 | D        | Gained mutation: You have a pair of small horns on your head. [Jiyva's grace]
  1301 | D        | Lost mutation: Your flesh is heat resistant. [Jiyva's grace]
  1302 | D        | Gained mutation: You are robust (+10% HP). [Jiyva's grace]
  1302 | D        | Lost mutation: Your rubbery body absorbs attacks (AC +1). [Jiyva's grace]
  1309 | D        | Got the ring "Dosegugo" {rElec MR+ Str+4 Int-2 Dex+4}
  1311 | D        | Got the ring "Gixeyhuc" {SustAt Dex+6}
  1340 | D        | Entered arena 20.
  1344 | D        | Noticed an eye of devastation
  1344 | D        | Noticed a golden eye
  1344 | D        | Noticed a slime creature
  1344 | D        | Gained mutation: Your natural rate of healing is unusually fast. [Jiyva's grace]
  1344 | D        | Lost mutation: You have a pair of small horns on your head. [Jiyva's grace]
  1344 | D        | Gained mutation: You tend to lose your temper in combat. [Jiyva's grace]
  1345 | D        | Noticed a shining eye
  1345 | D        | Noticed an eye of devastation
  1345 | D        | Noticed a great orb of eyes
  1345 | D        | Noticed a slime creature
  1345 | D        | Noticed a death ooze
  1345 | D        | Noticed a golden eye
  1345 | D        | Noticed a slime creature
  1345 | D        | Noticed a shining eye
  1345 | D        | Noticed an eye of devastation
  1345 | D        | Noticed a slime creature
  1345 | D        | Noticed a slime creature
  1345 | D        | Gained mutation: Armour fits poorly on your pseudopods. [Jiyva's grace]
  1345 | D        | Lost mutation: You are partially covered in rugged brown scales (AC +1, +3% HP). [Jiyva's grace]
  1345 | D        | Gained mutation: Armour fits poorly on your large pseudopods. [Jiyva's grace]
  1345 | D        | Gained mutation: You are somewhat resistant to further mutation. [Jiyva's grace]
  1345 | D        | Lost mutation: You tend to lose your temper in combat. [Jiyva's grace]
  1345 | D        | Gained mutation: Your flesh is heat resistant. [Jiyva's grace]
  1346 | D        | Noticed an eye of devastation
  1346 | D        | Noticed a death ooze
  1346 | D        | Noticed a slime creature
  1346 | D        | Noticed a shining eye
  1346 | D        | Noticed an acid blob
  1346 | D        | Noticed an acid blob
  1346 | D        | Noticed a giant orange brain
  1346 | D        | Noticed a slime creature
  1346 | D        | Noticed an acid blob
  1346 | D        | Noticed a death ooze
  1346 | D        | Noticed a shining eye
  1346 | D        | Lost mutation: Armour fits poorly on your large pseudopods. [Jiyva's grace]
  1346 | D        | Lost mutation: You are covered in fur (AC +1). [Jiyva's grace]
  1346 | D        | Lost mutation: Your flesh is heat resistant. [Jiyva's grace]
  1346 | D        | Gained mutation: Your mind is acute. (Int +2) [Jiyva's grace]
  1346 | D        | Lost mutation: You are somewhat resistant to further mutation. [Jiyva's grace]
  1346 | D        | Lost mutation: Your mind is acute. (Int +2) [Jiyva's grace]
  1346 | D        | Gained mutation: Your muscles are strong. (Str +2) [Jiyva's grace]
  1347 | D        | Gained mutation: Your body is completely covered in golden eyeballs (Acc +7, SInv). [Jiyva's grace]
  1354 | D        | Got the ring "Ludghuw" {rElec rF+ Stlth+}
  1360 | D        | Entered arena 21.
  1360 | D        | Noticed a naga
  1360 | D        | Noticed a naga
  1360 | D        | Noticed a naga
  1360 | D        | Noticed a water moccasin
  1360 | D        | Noticed an anaconda
  1360 | D        | Noticed a black mamba
  1360 | D        | Noticed a black mamba
  1360 | D        | Noticed a water moccasin
  1360 | D        | Noticed a guardian serpent
  1360 | D        | Noticed an anaconda
  1360 | D        | Noticed a water moccasin
  1360 | D        | Noticed a guardian serpent
  1360 | D        | Noticed an anaconda
  1360 | D        | Noticed an anaconda
  1360 | D        | Noticed a black mamba
  1361 | D        | Noticed a guardian serpent
  1362 | D        | Noticed a black mamba
  1363 | D        | Noticed an anaconda
  1363 | D        | Noticed a greater naga
  1363 | D        | Noticed an anaconda
  1365 | D        | Lost mutation: Your muscles are strong. (Str +2) [Jiyva's grace]
  1365 | D        | Gained mutation: You have sharp toenails. [Jiyva's grace]
  1367 | D        | Noticed an anaconda
  1367 | D        | Noticed a greater naga
  1367 | D        | Gained mutation: Your spells are a little harder to cast, but a little more powerful. [Jiyva's grace]
  1368 | D        | Gained mutation: You possess an exceptional clarity of mind. [Jiyva's grace]
  1369 | D        | Noticed a greater naga
  1369 | D        | Killed a black mamba
  1369 | D        | Killed a guardian serpent
  1369 | D        | Reached skill level 15 in Maces & Flails
  1370 | D        | Killed an anaconda
  1370 | D        | Gained mutation: You are surrounded by a mild repulsion field (EV +2). [Jiyva's grace]
  1372 | D        | Killed a guardian serpent
  1372 | D        | Killed a water moccasin
  1372 | D        | Killed a black mamba
  1372 | D        | Killed an anaconda
  1373 | D        | Lost mutation: Your spells are a little harder to cast, but a little more powerful. [Jiyva's grace]
  1374 | D        | Killed a black mamba
  1374 | D        | Reached skill level 27 in Shields
  1374 | D        | Killed a water moccasin
  1377 | D        | Noticed a naga
  1379 | D        | Killed an anaconda
  1379 | D        | Killed a water moccasin
  1379 | D        | Gained mutation: You have a pair of small antennae on your head. [Jiyva's grace]
  1381 | D        | Killed a naga
  1381 | D        | Killed a naga
  1382 | D        | Gained mutation: Your spells are a little harder to cast, but a little more powerful. [Jiyva's grace]
  1382 | D        | Gained mutation: You are partially covered in icy blue scales (AC +1). [Jiyva's grace]
  1387 | D        | Gained mutation: You are partially covered in yellow scales (AC +2). [Jiyva's grace]
  1388 | D        | Killed a guardian serpent
  1393 | D        | Killed a black mamba
  1395 | D        | Killed a greater naga
  1395 | D        | Reached skill level 5 in Dodging
  1395 | D        | Killed an anaconda
  1396 | D        | HP: 5/112 [greater naga/the +9 war axe of the Eternal Warrior {speed, rPois Str+2 Int+2 Dex-5} (4)]
  1403 | D        | Killed a greater naga
  1403 | D        | Reached skill level 5 in Stealth
  1404 | D        | Killed an anaconda
  1406 | D        | Killed a naga
  1406 | D        | Killed a naga
  1406 | D        | Killed an anaconda
  1406 | D        | Killed a greater naga
  1407 | D        | Killed an anaconda
  1451 | D        | Entered arena 22.
  1458 | D        | Noticed a yellow draconian
  1458 | D        | Noticed a green draconian
  1458 | D        | Noticed a green draconian
  1458 | D        | Noticed a mottled draconian
  1458 | D        | Noticed a mottled draconian
  1458 | D        | Noticed a black draconian
  1458 | D        | Noticed a purple draconian
  1458 | D        | Noticed a green draconian
  1458 | D        | Noticed a black draconian
  1458 | D        | Noticed a green draconian annihilator
  1458 | D        | Noticed a white draconian
  1459 | D        | Noticed a white draconian shifter
  1459 | D        | Noticed a black draconian
  1459 | D        | Noticed a black draconian annihilator
  1459 | D        | Noticed a black draconian annihilator
  1459 | D        | Noticed a green draconian
  1459 | D        | Noticed a black draconian
  1459 | D        | Noticed a yellow draconian
  1459 | D        | Noticed a purple draconian
  1459 | D        | Noticed a purple draconian
  1459 | D        | Noticed a red draconian shifter
  1459 | D        | Noticed a white draconian
  1459 | D        | Noticed a green draconian shifter
  1459 | D        | Noticed a red draconian annihilator
  1459 | D        | Noticed a black draconian shifter
  1459 | D        | Noticed a mottled draconian
  1459 | D        | Noticed a red draconian
  1459 | D        | Noticed a white draconian
  1460 | D        | Noticed a purple draconian
  1460 | D        | Noticed a purple draconian
  1461 | D        | Noticed a red draconian
  1461 | D        | Noticed a green draconian
  1463 | D        | Noticed a yellow draconian shifter
  1471 | D        | Killed a purple draconian
  1473 | D        | Killed a mottled draconian
  1475 | D        | Killed a mottled draconian
  1475 | D        | Killed a green draconian
  1477 | D        | Killed a black draconian
  1477 | D        | Killed a yellow draconian
  1480 | D        | Killed a red draconian
  1480 | D        | Killed a white draconian
  1486 | D        | Killed a green draconian
  1490 | D        | Killed a yellow draconian
  1491 | D        | Killed a purple draconian
  1491 | D        | Reached XP level 15. HP: 22/119 MP: 15/15
  1493 | D        | Killed a red draconian annihilator
  1497 | D        | Killed a purple draconian
  1497 | D        | Killed a black draconian shifter
  1499 | D        | Killed a mottled draconian
  1499 | D        | Killed a black draconian annihilator
  1499 | D        | Reached skill level 10 in Stealth
  1499 | D        | Killed a red draconian
  1501 | D        | Killed a green draconian
  1506 | D        | Killed a white draconian
  1506 | D        | Killed a white draconian
  1506 | D        | Killed a green draconian
  1507 | D        | Killed a white draconian shifter
  1514 | D        | Killed a black draconian annihilator
  1515 | D        | Killed a purple draconian
  1517 | D        | Killed a black draconian
  1518 | D        | Killed a purple draconian
  1519 | D        | Killed a green draconian
  1528 | D        | Killed from afar by a green draconian annihilator

Vault maps used:
D:        sprint_v

Action                   |  1- 3 |  4- 6 |  7- 9 | 10-12 | 13-15 || total
-------------------------+-------+-------+-------+-------+-------++-------
Melee: Shillelagh        |     2 |    11 |    37 |   111 |   228 ||   389
Invok: Request Jelly     |       |       |       |     2 |     1 ||     3
       Cure Bad Mutation |       |       |       |     2 |       ||     2
 Abil: Fly               |       |       |       |       |     1 ||     1
  Use: Potion            |     1 |       |       |       |    12 ||    13
       Scroll            |       |       |       |     1 |       ||     1
 Stab: Confused          |       |       |       |       |     7 ||     7
